 Dungeon Crawl Stone Soup version 0.28-a0-1429-gf3d713df7a (webtiles) character file.

Game seed: 17246487673844339780

684 porpoise the Insei (level 7, -1/56 HPs)
             Began as a Demonspawn Transmuter on Jan 8, 2022.
             Was an Initiate of Nemelex Xobeh.
             Hit by a stone thrown by a gnoll (5 damage)
             ... on level 5 of the Dungeon on Jan 9, 2022.
             The game lasted 00:16:19 (5834 turns).

porpoise the Insei (Demonspawn Transmuter)          Turns: 5834, Time: 00:16:19

Health: -1/56      AC:  2    Str: 12    XL:     7   Next: 35%
Magic:  10/10      EV: 12    Int: 14    God:    Nemelex Xobeh [......]
Gold:   187        SH:  0    Dex: 14    Spells: 7/10 levels left

rFire   . . .      SeeInvis .     - Unarmed
rCold   . . .      Faith    .   (no shield)
rNeg    . . .      Spirit   .   a - +0 robe
rPois   .          Reflect  .   (no helmet)
rElec   .          Harm     .   (no cloak)
rCorr   .          Rampage  .   (no gloves)
Will    .....                   (no boots)
Stlth   ++........              m - amulet of regeneration
HPRegen 0.98/turn               (no ring)
MPRegen 0.12/turn               (no ring)

@: no status effects
A: demonic magic 3
a: Renounce Religion, Draw Escape, Draw Destruction, Draw Summoning


You were on level 5 of the Dungeon.
You worshipped Nemelex Xobeh.
Nemelex Xobeh was noncommittal.
You visited 2 branches of the dungeon, and saw 6 of its levels.

You collected 187 gold pieces.

Inventory:

Hand Weapons
 b - a +1 hunting sling
 w - a +0 dagger
Missiles
 d - 81 stones
 j - 58 sling bullets
 q - 35 poisoned darts
 s - 29 arrows
Armour
 a - a +0 robe (worn)
 n - the +4 ring mail "Tabbiestru" {Stlth+}
   (You found it on level 5 of the Dungeon)

   Stlth:     It makes you more stealthy.
Magical Staves
 l - a staff of earth
Jewellery
 m - an amulet of regeneration (around neck)
 p - a ring of fire
Scrolls
 c - a scroll of fog
 i - a scroll of magic mapping
Potions
 e - 2 potions of curing
 f - 2 potions of brilliance
 g - a potion of berserk rage {unknown}
 h - a potion of attraction {unknown}
 k - a potion of flight
 o - a potion of lignification {unknown}
 r - 2 potions of might {unknown}


   Skills:
 * Level 5.2 Fighting
 - Level 1.7 Dodging
 + Level 2.9 Stealth
 * Level 5.4 Unarmed Combat
 - Level 2.0 Spellcasting
 - Level 1.7 Transmutations


You had 7 spell levels left.
You knew the following spells:

 Your Spells              Type           Power      Damage    Failure   Level
a - Beastly Appendage     Tmut           12%        N/A       12%         1
w - Wereblood             Tmut           6%         N/A       17%         2

Your spell library contained the following spells:

 Spells                   Type           Power      Damage    Failure   Level
 Sandblast                Erth           2%         2d4       24%         1
 Passwall                 Tmut/Erth      2%         N/A       26%         2
 Spider Form              Tmut/Pois      3%         N/A       45%         3
 Stone Arrow              Conj/Erth      2%         3d7       56%         3
 Ice Form                 Ice/Tmut       3%         N/A       86%         4


Dungeon Overview and Level Annotations

Branches:
Dungeon (5/15)             Temple (1/1) D:4

Altars:
Ashenzari
Cheibriados
Dithmenos
Elyvilon
Fedhas
Gozag
Hepliaklqana
Makhleb
Nemelex Xobeh
Qazlal
Ru
Sif Muna
Trog
Uskayaw
Vehumet
Wu Jian
Xom
Yredelemnul
The Shining One


Innate Abilities, Weirdness & Mutations

Spells you cast and wands you use may paralyse nearby enemies.


Message History

The gnoll sergeant misses you.
You completely miss the gnoll sergeant.
You claw the gnoll sergeant, but do no damage.
The gnoll sergeant is lightly wounded.
The gnoll sergeant hits you with a +0 spear!
You closely miss the gnoll sergeant. Your punch misses the gnoll sergeant.
The gnoll sergeant is lightly wounded.
Your transformation is almost over.
The gnoll sergeant hits you with a +0 spear.
You barely miss the gnoll sergeant. You claw the gnoll sergeant.
The gnoll sergeant is heavily wounded.
An orc comes into view. It is wielding a +0 whip.
The gnoll sergeant barely misses you.
You hit the gnoll sergeant but do no damage.
You claw the gnoll sergeant, but do no damage.
The gnoll sergeant is heavily wounded.
You hit the gnoll sergeant but do no damage.
You claw the gnoll sergeant.
You headbutt the gnoll sergeant, but do no damage.
The gnoll sergeant is heavily wounded.
The gnoll sergeant hits you with a +0 spear!
You hit the gnoll sergeant. Your kick misses the gnoll sergeant.
Your headbutt misses the gnoll sergeant.
The gnoll sergeant is heavily wounded.
The gnoll sergeant hits you with a +0 spear.
You barely miss the gnoll sergeant. Your kick misses the gnoll sergeant.
The gnoll sergeant is heavily wounded.
The gnoll sergeant hits you with a +0 spear!
You barely miss the gnoll sergeant.
The gnoll sergeant is heavily wounded.
The gnoll sergeant hits you with a +0 spear!
* * * LOW HITPOINT WARNING * * *
The gnoll sergeant closely misses you.
You see here a +0 leather armour.
Your horns disappear.
Your talons disappear.
The gnoll sergeant hits you from afar with a +0 spear!
* * * LOW HITPOINT WARNING * * *
The gnoll throws a stone.
The stone hits you.
You die...
Your body disappears without a glow.

#.# #o# ## ##..## #.#
..###....####.#
+#...8###..†.'o#
#..###....####g#######
#.##.##..###.#.......#
......#.#'...#..g...g#
..#'#...#....#.......######
###.##..#.).##..@..........
.#...##.#...##.............
......#.#[####.............
#######'######.............
...........................
.....#####.........<.######
..<..# #.....####### .....#
#.....# .....# #.....#


You could see a gnoll sergeant, 2 gnolls and an orc.

Vanquished Creatures
  2 ogres (D:4)
  2 phantoms (D:5)
  A scorpion (D:4)
  A jelly (D:4)
  A bullfrog skeleton (D:3)
  A hound (D:5)
  2 iguanas
  2 hound zombies (D:3)
  2 hound skeletons (D:3)
  2 adders
  A gnoll (D:5)
  An adder zombie (D:3)
  2 worms
  A dart slug (D:1)
  7 endoplasms
  6 giant cockroaches
  13 goblins
  6 hobgoblins
  4 jackals (D:1)
  9 kobolds
  3 quokkas (D:3)
  A ball python (D:1)
  A ball python skeleton (D:3)
  4 bats
  2 frilled lizards
  11 rats
88 creatures vanquished.

Vanquished Creatures (others)
  3 plants (D:2)
  A withered plant (D:3)
4 creatures vanquished.

Grand Total: 92 creatures vanquished

Notes
Turn   | Place    | Note
-------+----------+-------------------------------------------
     0 | D:1      | porpoise the Demonspawn Transmuter began the quest for the
                  | Orb.
     0 | D:1      | Reached XP level 1. HP: 15/15 MP: 3/3
   332 | D:1      | Gained mutation: Spells you cast may paralyse adjacent
                  | enemies. [demonic ancestry]
   332 | D:1      | Reached XP level 2. HP: 20/21 MP: 1/5
  1104 | D:1      | Reached XP level 3. HP: 25/27 MP: 4/6
  1504 | D:2      | Learned a level 2 spell: Wereblood
  1518 | D:2      | Found an ornate altar of the Wu Jian Council.
  1624 | D:2      | Found a faded altar of an unknown god.
  2572 | D:3      | Gained mutation: Spells you cast may paralyse nearby
                  | enemies. [demonic ancestry]
  2572 | D:3      | Reached XP level 4. HP: 25/34 MP: 5/7
  2845 | D:3      | Found a shadowy altar of Dithmenos.
  3126 | D:3      | Reached skill level 1 in Stealth
  3283 | D:3      | Reached XP level 5. HP: 41/41 MP: 6/8
  4042 | D:4      | Noticed an ogre
  4056 | D:4      | Killed an ogre
  4057 | D:4      | Gained mutation: Spells you cast and wands you use may
                  | paralyse nearby enemies. [demonic ancestry]
  4057 | D:4      | Reached XP level 6. HP: 47/48 MP: 7/9
  4114 | D:4      | Found a staircase to the Ecumenical Temple.
  4123 | Temple   | Entered the Ecumenical Temple
  4164 | Temple   | Became a worshipper of Nemelex Xobeh the Trickster
  4545 | D:4      | Found a hazy altar of Hepliaklqana.
  4604 | D:4      | Reached skill level 5 in Unarmed Combat
  5124 | D:5      | Entered Level 5 of the Dungeon
  5154 | D:5      | Reached XP level 7. HP: 7/55 MP: 8/10
  5484 | D:5      | Reached skill level 5 in Fighting
  5527 | D:5      | HP: 1/56 [gnoll sergeant (10)]
  5752 | D:5      | Identified the +4 ring mail "Tabbiestru" {Stlth+}
  5832 | D:5      | HP: 2/56 [gnoll sergeant (11)]
  5834 | D:5      | Hit by a stone thrown by a gnoll

Illustrated notes

Levels and vault maps discovered:
D:1:      dpeg_arrival_shelter, layout_loops_ring
D:2:      layout_basic, dreamdust_ecumenical_altar_statues, basic_altar,
          serial_bayou_lagoon_b
D:3:      layout_basic, mainiacjoe_overflow_alcove_2, serial_undead,
          serial_undead_e, serial_undead_b, serial_undead_d, serial_undead_d,
          serial_undead_e, serial_undead_e
D:4:      minmay_wonky_spiral, layout_basic,
          mainiacjoe_overflow_six_doors_small, temple_fountains,
          chequers_serial_rivers_small_b
D:5:      layout_gridville, gammafunk_ghost_icy, chequers_serial_rivers_small_a,
          minmay_pentangle, uniq_blork_the_orc, uniq_prince_ribbit1
Temple:   eino_temple_scatter_basement

Skill      XL: |  1  2  3  4  5  6  7 |
---------------+----------------------+-----
Unarmed Combat | 3 4 5 |  5.4
Fighting       | 2 3 4 5 |  5.2
Stealth        | 1 2 |  2.9
Dodging        | |  1.7
Spellcasting   | |  2.0
Transmutations | |  1.7

Action                   |  1- 3 |  4- 6 |  7- 9 || total
-------------------------+-------+-------+-------++-------
Melee: Unarmed           |   101 |    71 |    39 ||   211
       Kick              |    16 |    24 |    17 ||    57
       Headbutt          |    12 |    12 |     7 ||    31
       Dagger            |     7 |    20 |     1 ||    28
       Punch             |       |     2 |     2 ||     4
 Fire: Hunting sling     |    27 |    56 |     9 ||    92
 Cast: Beastly Appendage |    34 |    23 |     7 ||    64
  Use: Scroll            |       |     8 |     1 ||     9
 Stab: Sleeping          |     1 |     2 |       ||     3
       Paralysed         |    17 |    14 |     2 ||    33
Armor: Robe              |    16 |     8 |       ||    24
Dodge: Dodged            |    50 |    34 |    18 ||   102

Table legend: (Time is in decaauts)
 A = Elapsed time spent in this place.
 B = Non-inter-level travel time spent in this place.
 C = Inter-level travel time spent in this place.
 D = Time resting spent in this place.
 E = Time spent auto-exploring this place.
 F = Levels seen in this place.
 G = Mean time per level.
                   A        B        C        D        E       F      G
               +--------+--------+--------+--------+--------+-----+--------+
         Total |   5803 |   5634 |    169 |   2050 |   2528 |   6 |  967.2 |
       Dungeon |   5589 |   5438 |    151 |   2050 |   2350 |   5 | 1117.8 |
        Temple |    213 |    195 |     18 |      0 |    178 |   1 |  213.0 |
               +--------+--------+--------+--------+--------+-----+--------+

Top non-repeatable levels by time:
     D:4: 1482 daAuts
     D:1: 1431 daAuts
     D:3: 1291 daAuts
     D:2: 1021 daAuts
     D:5: 362 daAuts
  Temple: 213 daAuts
